 Dungeon Crawl Stone Soup version 0.21.1-1-g345015f (webtiles) character file.

2193 sking99 the Grappler (level 9, 0/89 HPs)
             Began as a Troll Monk on July 1, 2018.
             Slain by a gnoll
             ... wielding a +0 whip
              (8 damage)
             ... on level 7 of the Dungeon.
             The game lasted 00:14:40 (4861 turns).

sking99 the Grappler (Troll Monk)                   Turns: 4861, Time: 00:14:40

Health: 0/89       AC: 11    Str: 22    XL:     9   Next: 12%
Magic:  8/8        EV: 14    Int:  6    God:
Gold:   268        SH: 11    Dex: 14    Spells: 8/8 levels left

rFire    . . .     SeeInvis .     - Unarmed
rCold    . . .     Gourm    +   q - +0 shield
rNeg     . . .     Faith    .   a - +0 robe
rPois    .         Spirit   .   (helmet restricted)
rElec    .         Reflect  +   p - +0 cloak
rCorr    .         Harm     .   (gloves unavailable)
MR       .....                  (boots unavailable)
Stlth    ++........             r - +2 amulet of reflection
HPRegen  0.64/turn              m - +5 ring of protection
MPRegen  0.11/turn              o - +5 ring of evasion

@: no status effects
A: large, unfitting armour, claws 3, fast metabolism 3, gourmand, regeneration
1, shaggy fur 1, tough skin 2
a: no special abilities


You were on level 7 of the Dungeon.
You were very full.

You visited 2 branches of the dungeon, and saw 8 of its levels.
You also visited: Ossuary.

You collected 268 gold pieces.

Inventory:

Armour
 a - a +0 robe (worn)
 p - a +0 cloak (worn)
 q - a +0 shield (worn)
Jewellery
 h - an uncursed ring of fire
 m - a +5 ring of protection (left claw)
 o - a +5 ring of evasion (right claw)
 r - a +2 amulet of reflection (around neck)
Wands
 k - a wand of paralysis (5)
 l - a wand of digging (10)
 x - a wand of iceblast (9)
 A - a wand of flame (48)
Scrolls
 c - 4 scrolls of teleportation
 d - 4 scrolls of remove curse
 u - 2 scrolls of identify
 w - a scroll of magic mapping {unknown}
 y - a scroll of noise {unknown}
 B - a scroll of amnesia
 C - 2 scrolls of blinking {unknown}
Potions
 e - 2 potions of heal wounds {unknown}
 f - 4 potions of curing
 g - a potion of resistance {unknown}
 i - 5 potions of flight
 j - 2 potions of berserk rage {unknown}
 n - 2 potions of cancellation {unknown}
 s - 3 potions of lignification {unknown}
 t - 2 potions of ambrosia
 v - a potion of haste {unknown}
Books
 D - a book of Geomancy

   Spells                             Type                      Level
   a - Sandblast                      Earth                        1
   b - Passwall                       Transmutation/Earth          2
   c - Stone Arrow                    Conjuration/Earth            3
   d - Petrify                        Transmutation/Earth          4
   e - Lee's Rapid Deconstruction     Earth                        5
Comestibles
 b - 7 rations
 z - 4 chunks of flesh


   Skills:
 + Level 5.6 Fighting
 - Level 2.4 Dodging
 - Level 1.0 Stealth
 + Level 4.4 Shields
 * Level 9.3 Unarmed Combat


You had 8 spell levels left.
You didn't know any spells.

Dungeon Overview and Level Annotations

Branches:
Dungeon (7/15)             Temple (1/1) D:5

Altars:
Cheibriados
Dithmenos
Elyvilon
Gozag
Hepliaklqana
Kikubaaqudgha
Makhleb
Nemelex Xobeh
Qazlal
Ru
Sif Muna
Vehumet
Wu Jian
Yredelemnul
Zin
The Shining One

Shops:
D:5 (

Annotations:
D:5 5 runed doors


Innate Abilities, Weirdness & Mutations

You are too large for most types of armour.
You have claws for hands.
Your metabolism is lightning-fast.
You like to eat raw meat.
Your natural rate of healing is unusually fast.
You are covered in fur. (AC +1)
You have very tough skin. (AC +2)


Message History

The killer bee is severely wounded.
You block the killer bee's attack. x2
You claw the killer bee!
You kill the killer bee!
You block the gnoll's attack.
The orc priest begins to cast a cantrip, but forgets the words! 2 killer bees come into view.
The killer bee buzzes angrily. x2; You hear an angry buzzing noise.
The orc priest calls down the wrath of Beogh upon you.
Beogh smites you!
* * * LOW HITPOINT WARNING * * *
A killer bee comes into view.
You see here a killer bee corpse.
You closely miss the orc priest.
The killer bee moves out of view.
You block the gnoll's attack. You block the orc priest's attack.
A killer bee comes into view.
You scratch the orc priest.
The orc priest is moderately wounded.
The gnoll hits you with a whip!
You die...

F.o...........#.##.##
#.........###..###.#
#........Z# #.## #.#
###.......y.###.# #.#
Z....F.......##.####.#
#.....y............#
#y###.###.######
####((.......###
#.g@o....#####.##
#)##...######...##
#(##..## #......###
####)##..#####....^....
....................###
h###.###.#######...##
...# #.# ##.## #####
#.# ### #.# ######


You could see 3 killer bees, an orc priest, a gnoll and a centaur zombie
(wandering).

Vanquished Creatures
  Prince Ribbit (D:7)
  Eustachio (D:4)
  The ghost of sipior the Caller, an amateur DESu of Sif Muna (D:4)
  2 orc warriors
  A sky beast (D:7)
  An ogre (D:4)
  A centaur (D:7)
  2 bullfrogs
  4 water moccasin zombies (Ossuary)
  A killer bee (D:7)
  2 howler monkeys
  2 hounds
  6 orc priests
  A jelly (D:5)
  A bullfrog skeleton (D:7)
  An iguana (D:4)
  3 orc wizards
  A worker ant (D:4)
  2 big kobold zombies (Ossuary)
  A hound skeleton (D:6)
  2 mummies (Ossuary)
  A worker ant zombie (D:5)
  Robin (D:4)
  A gnoll (D:7)
  A howler monkey skeleton (D:4)
  7 adders
  A shadow imp (D:6)
  An ooze (D:5)
  3 adder zombies (Ossuary)
  2 worms
  2 dart slugs
  6 leopard geckos
  26 orcs
  5 giant cockroaches
  15 goblins
  4 hobgoblins
  2 jackals (D:4)
  11 kobolds
  4 quokkas
  A ball python (D:5)
  7 bats
  5 frilled lizards
  7 hobgoblin zombies (Ossuary)
  A jackal skeleton (D:6)
  6 kobold zombies (Ossuary)
  4 orc zombies (Ossuary)
  2 quokka skeletons
  6 rats
169 creatures vanquished.

Vanquished Creatures (others)
  A centaur (D:6)
1 creature vanquished.

Grand Total: 170 creatures vanquished

Notes
Turn   | Place    | Note
-------+----------+-------------------------------------------
     0 | D:1      | sking99 the Troll Monk began the quest for the Orb.
     0 | D:1      | Reached XP level 1. HP: 22/22 MP: 0/0
    96 | D:1      | Reached XP level 2. HP: 21/29 MP: 1/1
   557 | D:2      | Reached XP level 3. HP: 36/36 MP: 2/2
   560 | D:2      | Reached skill level 4 in Unarmed Combat
   980 | D:2      | Reached XP level 4. HP: 43/45 MP: 3/3
  1869 | D:4      | Reached skill level 5 in Unarmed Combat
  1911 | D:4      | Reached XP level 5. HP: 53/53 MP: 4/4
  2058 | D:4      | Reached skill level 1 in Shields
  2077 | D:4      | Noticed Robin
  2103 | D:4      | Killed Robin
  2171 | D:4      | Reached XP level 6. HP: 61/61 MP: 5/5
  2245 | D:4      | Noticed Eustachio
  2283 | D:4      | Killed Eustachio
  2283 | D:4      | Reached skill level 6 in Unarmed Combat
  2410 | D:4      | Found a sand-covered staircase.
  2416 | Ossuary  | Entered an ossuary
  2466 | Ossuary  | Reached XP level 7. HP: 70/70 MP: 6/6
  2569 | Ossuary  | Reached skill level 7 in Unarmed Combat
  2768 | D:4      | Noticed sipior's ghost (amateur DESu)
  2851 | D:4      | Killed sipior's ghost
  3021 | D:4      | Reached XP level 8. HP: 79/79 MP: 7/7
  3197 | D:5      | Entered Level 5 of the Dungeon
  3206 | D:5      | Found the +9 staff of Olgreb {rPois}
  3208 | D:5      | Found a runed door.
  3213 | D:5      | Found a runed gate.
  3214 | D:5      | Found a runed door.
  3225 | D:5      | Found a runed gate.
  3225 | D:5      | Found a runed gate.
  3487 | D:5      | Found a staircase to the Ecumenical Temple.
  3491 | D:5      | Found Onyguje's Weapon Emporium.
  3503 | Temple   | Entered the Ecumenical Temple
  4083 | D:6      | Reached skill level 8 in Unarmed Combat
  4200 | D:6      | Reached skill level 5 in Fighting
  4299 | D:6      | Found a sparkling altar of Nemelex Xobeh.
  4808 | D:7      | Noticed Prince Ribbit
  4818 | D:7      | Killed Prince Ribbit
  4818 | D:7      | Reached skill level 9 in Unarmed Combat
  4826 | D:7      | Reached XP level 9. HP: 52/88 MP: 8/8
  4861 | D:7      | Slain by a gnoll

Skill      XL: |  1  2  3  4  5  6  7  8 |
---------------+-------------------------+-----
Unarmed Combat | 4 5 6 7 9 |  9.3
Fighting       | 3 4 5 |  5.6
Shields        | 1 2 3 4 |  4.4
Dodging        | |  2.4
Stealth        | |  1.0

Action                   |  1- 3 |  4- 6 |  7- 9 || total
-------------------------+-------+-------+-------++-------
Melee: Unarmed           |    94 |   166 |   252 ||   512
       Punch             |     1 |       |       ||     1
  Use: Scroll            |       |     8 |     2 ||    10
       Potion            |       |       |     1 ||     1
 Stab: Sleeping          |     1 |     3 |     5 ||     9
  Eat: Chunk             |    14 |    11 |    25 ||    50
Armor: Robe              |    50 |    67 |    45 ||   162
Dodge: Dodged            |    49 |   135 |   110 ||   294
Block: Shield            |     1 |    92 |   163 ||   256
       Reflection        |       |     3 |     8 ||    11
